 Dungeon Crawl Stone Soup version 0.18-a0-1121-gb454403 (webtiles) character file.

20 Chiseanne the Gusty (level 2, -4/25 HPs)
             Began as a Centaur Air Elementalist on Jan 18, 2016.
             Slain by a hobgoblin (5 damage)
             ... on level 2 of the Dungeon.
             The game lasted 00:01:05 (323 turns).

Chiseanne the Gusty (Centaur Air Elementalist)       Turns: 323, Time: 00:01:06

Health: -4/25      AC:  4    Str: 10    XL:     2   Next: 58%
Magic:  4/4        EV:  9    Int: 14    God:
Gold:   0          SH:  0    Dex:  9    Spells: 1 memorised, 3 levels left

rFire  . . .     SeeInvis .     f - +0 dagger
rCold  . . .     Gourm    .     a - +0 robe
rNeg   . . .     Faith    .     (no shield)
rPois  .         Spirit   .     (no helmet)
rElec  .         Dismiss  .     (no cloak)
rCorr  .         Reflect  .     (no gloves)
SustAt .         Harm     .     (no barding)
MR     .....                    (no amulet)
Stlth  +.........               (no ring)
                                (no ring)

@: very quick, not resistant to hostile enchantments, very unstealthy
A: hooves 3, deformed body, speed 2, tough skin 3
a: no special abilities


You were on level 2 of the Dungeon.
You were not hungry.

You visited 1 branch of the dungeon, and saw 2 of its levels.

Inventory:

Hand Weapons
 f - a +0 dagger (weapon)
 l - a +0 spear
Missiles
 g - 18 silver bolts
 h - 12 poisoned needles
 j - 30 arrows
Armour
 a - a +0 robe (worn)
Scrolls
 e - a scroll of identify {unknown}
 k - a scroll of noise {unknown}
Books
 b - a book of Air

   Spells                             Type                      Level
   a - Shock                          Conjuration/Air              1
   b - Swiftness                      Charms/Air                   2
   c - Repel Missiles                 Charms/Air                   2
   d - Static Discharge               Conjuration/Air              3
   e - Lightning Bolt                 Conjuration/Air              5
Comestibles
 c - a bread ration
 d - 3 chunks of flesh
 i - a slice of pizza


   Skills:
 + Level 2.3 Fighting
 - Level 1.3 Dodging
 - Level 1.2 Stealth
 - Level 1.5 Spellcasting
 - Level 0.8 Conjurations
 - Level 2.6 Air Magic


You had 3 spell levels left.
You knew the following spells:

 Your Spells              Type           Power        Failure   Level  Hunger
a - Shock                 Conj/Air       #...         14%         1    ##.....


Dungeon Overview and Level Annotations

Branches:
Dungeon (2/15)

Altars:
Dithmenos
Vehumet
Yredelemnul


Innate Abilities, Weirdness & Mutations

You have hooves in place of feet.
Armour fits poorly on your strangely shaped body.
You cover ground very quickly.
You have extremely tough skin (AC +3).


Message History

The hobgoblin hits you.
* * * LOW HITPOINT WARNING * * *
You barely miss the hobgoblin. Your kick misses the hobgoblin.
The hobgoblin is heavily wounded.
The hobgoblin barely misses you.
You hit the hobgoblin but do no damage.
The hobgoblin is heavily wounded.
The hobgoblin hits you but does no damage.
Some of the chunks of flesh in your inventory have rotted away.
You hit the hobgoblin but do no damage. You kick the hobgoblin.
The hobgoblin is almost dead.
The hobgoblin closely misses you.
You closely miss the hobgoblin.
The hobgoblin is almost dead.
The hobgoblin hits you.
* * * LOW HITPOINT WARNING * * *
You closely miss the hobgoblin. Your kick misses the hobgoblin.
The hobgoblin is almost dead.
The hobgoblin hits you.
You die...

#...................
###..........#...... #
#...................
.#.##.............#....
.......................
.#.##...........#.#....
# #..............####)
##...#..##.#.## #.
#..@.........# #.
##.g.###..### ## #...#
.## ##. ##.## # #...
#.# _.... ..# ##... ...
###. ..#. ##


You could see a hobgoblin.

Vanquished Creatures
  An adder (D:2)
  A giant gecko (D:2)
  A bat (D:2)
  2 giant cockroaches (D:2)
  2 goblins (D:2)
  A kobold (D:2)
  A giant newt (D:2)
9 creatures vanquished.

Notes
Turn   | Place    | Note
--------------------------------------------------------------
     0 | D:1      | Chiseanne the Centaur Air Elementalist began the quest for the Orb.
     0 | D:1      | Reached XP level 1. HP: 14/14 MP: 3/3
    51 | D:2      | Reached skill level 1 in Fighting
    51 | D:2      | Reached XP level 2. HP: 14/24 MP: 0/4
   217 | D:2      | Found a radiant altar of Vehumet.
   219 | D:2      | Found a basalt altar of Yredelemnul.
   231 | D:2      | Found a shadowy altar of Dithmenos.
   322 | D:2      | HP: 1/25 [hobgoblin (5)]
   323 | D:2      | Slain by a hobgoblin

Vault maps used:
D:1:      nicolae_arrival_memento_mori
D:2:      grunt_gozag_statues, nicolae_overflow_crystal_walls,
          minmay_overflow_temple_star_quad, ecumenical_altar_1,
          uniq_crazy_yiuf_cottage

Action                   || total
-------------------------++-------
Melee: Unarmed           ||    19
       Dagger            ||    34
 Cast: Shock             ||     4
  Use: Potion            ||     1
